 Dungeon Crawl Stone Soup version 0.30-a0-279-g4b46babb21 (webtiles) character file.

Game seed: 8994925143770311274

33 Harunobu the Stinger (level 3, -1/21 HPs)
             Began as an Octopode Venom Mage on Oct 16, 2022.
             Slain by Terence
             ... wielding a +1 flail of protection
              (3 damage)
             ... on level 2 of the Dungeon.
             The game lasted 00:03:46 (1528 turns).

Harunobu the Stinger (Octopode Venom Mage)          Turns: 1528, Time: 00:03:46

Health: -1/21      AC:  1    Str:  9    XL:     3   Next: 29%
Magic:  6/6        EV: 13    Int: 17    God:
Gold:   119        SH:  0    Dex: 12    Spells: 5/6 levels left

rFire   . . .      SeeInvis .    (no weapon)
rCold   . . .      Faith    .    (no shield)
rNeg    . . .      Spirit   .    (helmet restricted)
rPois   .          Reflect  .    f - amulet of magic regeneration
rElec   .          Harm     .    (no ring)
rCorr   .          Rampage  .    (no ring)
Will    .....                    (no ring)
Stlth   +++.......               (no ring)
HPRegen 0.23/turn                (no ring)
MPRegen 0.50/turn                (no ring)
                                 (no ring)
                                 (no ring)

@: no status effects
A: almost no armour, amphibious, 8 rings, camouflage 1, gelatinous body 1,
(nimble swimmer 1), tentacles
a: no special abilities


You were on level 2 of the Dungeon.
You visited 1 branch of the dungeon, and saw 2 of its levels.

You collected 119 gold pieces.

Inventory:

Jewellery
 f - an amulet of magic regeneration (around mantle)
Scrolls
 b - a scroll of enchant armour {unknown}
 e - a scroll of identify {unknown}
 g - a scroll of fear {unknown}
Potions
 a - a potion of magic
 c - a potion of heal wounds {unknown}
 d - a potion of brilliance {unknown}


   Skills:
 + Level 2.3 Dodging
 + Level 3.3 Stealth
 + Level 2.3 Spellcasting
 + Level 1.5 Transmutations
 + Level 4.0 Poison Magic


You had 5 spell levels left.
You knew the following spells:

 Your Spells              Type           Power      Damage    Failure   Level
a - Sting                 Tmut/Pois      44%        1d5       6%          1

Your spell library contained the following spells:

 Spells                   Type           Power      Damage    Failure   Level
 Poisonous Vapours        Pois/Air       16%        N/A       12%         2
 Mephitic Cloud           Conj/Pois/Air  6%         N/A       32%         3
 Olgreb's Toxic Radiance  Pois           15%        N/A       34%         4


Dungeon Overview and Level Annotations

Branches:
Dungeon (2/15)

Altars:

Annotations:
D:2 Terence


Innate Abilities, Weirdness & Mutations

You cannot wear most types of armour.
You are amphibious.
You can wear up to eight rings at the same time.
Your skin changes colour to match your surroundings (Stealth+).
Your rubbery body absorbs attacks. (AC +1, EV +1)
((You are camouflaged when in or above water. (Stealth+)))
You have tentacles for arms and can constrict up to eight enemies at once.


Message History

You see here a +0 falchion.
There is a stone staircase leading down here.
You climb downwards.
There is a stone staircase leading up here.
You open the door.
Found a leather armour.
Found a scroll labelled OCEWKI OQOGORO.
You now have 119 gold pieces (gained 5).
Terence the Incautious comes into view.
He is wielding a +1 flail of protection.
Found a scroll labelled COYSUD XISM.
Terence shouts!
Terence drinks a potion.
Terence seems to speed up.
Found 4 gold pieces.
Casting: Sting (safe; 6% risk of failure)
Confirm with . or Enter, or press ? or * to list all spells.
Aiming: Sting (safe; 6% risk of failure)
Press: ? - help, Shift-Dir - straight line, f - Terence
Aim: Terence, wielding a +1 flail of protection and wearing a +0 chain mail (fast, 79% to hit)
You miscast Sting.
You are very lightly contaminated with residual magic.
Nothing appears to happen.
Terence hits you with a +1 flail of protection!
Ouch! That really hurt!
Terence closely misses you.
Casting: Sting (safe; 6% risk of failure)
Confirm with . or Enter, or press ? or * to list all spells.
Aiming: Sting (safe; 6% risk of failure)
Press: ? - help, Shift-Dir - straight line, f/p - Terence
Aim: Terence, wielding a +1 flail of protection and wearing a +0 chain mail (fast, 79% to hit)
The sting hits Terence but does no damage.
Terence is poisoned.
Terence closely misses you. Terence barely misses you.
Terence closely misses you.
Your magical contamination has completely faded away.
Terence shouts, "Get ready for death!"
Terence attacks as you move away! Terence barely misses you.
Terence hits you with a +1 flail of protection!
* * * LOW HITPOINT WARNING * * *
Terence attacks as you move away! Terence misses you.
Terence hits you with a +1 flail of protection.
You die...

##########. #<.........
##...#####
##..#######........
#..'.....+........
##..#######........
##...# #..?..... ##....#
#........ .##....@#
#........ ........@##
#.......$
..........######........
#.......................
#..########...##########
#.. ........#....... #.
........#...####
.########.#.# #.#..[


You could see Terence (fast, poisoned).

Vanquished Creatures
  3 ball pythons (D:1)
  6 bats (D:1)
  5 endoplasms (D:1)
  3 goblins (D:1)
  6 hobgoblins (D:1)
  A quokka (D:1)
  4 frilled lizards (D:1)
  A kobold (D:1)
  2 rats (D:1)
31 creatures vanquished.

Notes
Turn   | Place    | Note
-------+----------+-------------------------------------------
     0 | D:1      | Harunobu the Octopode Venom Mage began the quest for the
                  | Orb.
     0 | D:1      | Reached XP level 1. HP: 11/11 MP: 3/3
   235 | D:1      | Reached XP level 2. HP: 17/17 MP: 1/5
   491 | D:1      | Found a faded altar of an unknown god.
   835 | D:1      | Reached XP level 3. HP: 20/21 MP: 2/6
   911 | D:1      | Reached skill level 4 in Poison Magic
  1513 | D:2      | Noticed Terence
  1526 | D:2      | HP: 1/21 [Terence/+1 flail of protection (9)]
  1528 | D:2      | Slain by Terence

Illustrated notes

Levels and vault maps discovered:
D:1:      evilmike_arrival_plus, layout_loops_ring,
          shapermc_ecumenical_altar_pompeii, kennysheep_boxes
D:2:      layout_basic, basic_altar, amethyst_killhole, minmay_tromino_mix6,
          uniq_terence

Skill      XL: |  1  2  3 |
---------------+----------+-----
Stealth        | 3 |  3.3
Poison Magic   | 4 |  4.0
Dodging        | |  2.3
Spellcasting   | |  2.3
Transmutations | |  1.5

Action                   || total
-------------------------++-------
Melee: Unarmed           ||     1
       Constrict         ||     1
 Cast: Sting             ||    54
Armor: Skin              ||     4
Dodge: Dodged            ||    49

Table legend: (Time is in decaauts)
 A = Elapsed time spent in this place.
 B = Non-inter-level travel time spent in this place.
 C = Inter-level travel time spent in this place.
 D = Time resting spent in this place.
 E = Time spent auto-exploring this place.
 F = Levels seen in this place.
 G = Mean time per level.
                   A        B        C        D        E       F      G
               +--------+--------+--------+--------+--------+-----+--------+
         Total |   1527 |   1470 |     57 |    629 |    454 |   2 |  763.5 |
       Dungeon |   1527 |   1470 |     57 |    629 |    454 |   2 |  763.5 |
               +--------+--------+--------+--------+--------+-----+--------+

Top non-repeatable levels by time:
     D:1: 1494 daAuts
     D:2: 33 daAuts
